 Dungeon Crawl Stone Soup version 0.22.1-1-ga44c0e5 (webtiles) character file.

33911 lysyklops the Fighter (level 13, -1/87 HPs)
             Began as a Gargoyle Fighter on Oct 16, 2018.
             Was the Champion of Okawaru.
             Slain by an eight-headed hydra (8 damage)
             ... on level 6 of the Lair of Beasts on Oct 17, 2018.
             The game lasted 00:50:13 (19242 turns).

lysyklops the Fighter (Gargoyle Fighter)           Turns: 19242, Time: 00:50:13

Health: -1/87      AC: 24    Str: 30    XL:     13   Next: 74%
Magic:  19/19      EV:  9    Int: 17    God:    Okawaru [******]
Gold:   1238       SH:  0    Dex:  9    Spells: 12/12 levels left

rFire    + . .     SeeInvis .   M - +5 great mace of Pragmatism {flame, Str+7}
rCold    . . .     Gourm    .   (shield currently unavailable)
rNeg     + . .     Faith    .   R - +1 chain mail of the Bells {+Fly rF- rCorr Int+6}
rPois    ∞         Spirit   .   E - +0 helmet
rElec    +         Reflect  .   y - scarf {repulsion}
rCorr    +         Harm     .   (no gloves)
MR       .....                  (no boots)
Stlth    ..........             N - amulet of magic regeneration
HPRegen  0.24/turn              A - ring of protection from fire
MPRegen  0.41/turn              B - ring of protection from fire

@: repel missiles
A: negative energy resistance 1, electricity resistance, unbreathing,
petrification resistance, rot immunity, AC +9
a: Heroism, Finesse, Renounce Religion, Evoke Flight


You were on level 6 of the Lair of Beasts.
You worshipped Okawaru.
Okawaru was exalted by your worship.
You were not hungry.

You visited 3 branches of the dungeon, and saw 18 of its levels.

You collected 1238 gold pieces.

Inventory:

Hand Weapons
 M - the +5 great mace of Pragmatism (weapon) {flame, Str+7}
   (Okawaru gifted it to you on level 2 of the Lair of Beasts)

   It has been specially enchanted to burn those struck by it, causing extra
   injury to most foes and up to half again as much damage against particularly
   susceptible opponents.
   It affects your strength (+7).
Armour
 y - a scarf of repulsion (worn)
 E - a +0 helmet (worn)
 R - the +1 chain mail of the Bells (worn) {+Fly rF- rCorr Int+6}
   (Okawaru gifted it to you on level 5 of the Lair of Beasts)

   It affects your intelligence (+6).
   It makes you vulnerable to fire.
   It lets you fly.
   It provides partial protection from all sources of acid and corrosion.
Jewellery
 A - a ring of protection from fire (left hand)
 B - a ring of protection from fire (right hand)
 N - an amulet of magic regeneration (around neck)
Wands
 b - a wand of polymorph (22)
 d - a wand of clouds (6)
 w - a wand of disintegration (29)
 D - a wand of acid (8)
 I - a wand of random effects (49)
 J - a wand of scattershot (5)
 L - a wand of flame (45)
 S - a wand of iceblast (5)
Scrolls
 c - a scroll of holy word {unknown}
 e - 3 scrolls of identify
 i - 7 scrolls of remove curse
 j - 8 scrolls of teleportation
 l - a scroll of acquirement {unknown}
 m - 3 scrolls of immolation
 o - a scroll of amnesia {unknown}
 q - 4 scrolls of blinking
 r - 3 scrolls of enchant weapon
 u - a scroll of magic mapping {unknown}
 x - 2 scrolls of fear {unknown}
 z - a scroll of enchant armour
 H - a scroll of vulnerability {unknown}
 Q - a scroll of random uselessness {unknown}
Potions
 a - 2 potions of invisibility
 g - a potion of resistance
 h - 2 potions of lignification
 k - 8 potions of curing
 n - 2 potions of haste
 p - 2 potions of cancellation
 s - 3 potions of magic
 t - a potion of degeneration
 v - a potion of ambrosia
 C - 2 potions of heal wounds
 F - 5 potions of agility
 G - a potion of flight
 K - 2 potions of brilliance
 P - a potion of berserk rage
Comestibles
 f - 21 rations


   Skills:
 + Level 12.6 Fighting
 + Level 11.5 Maces & Flails
 + Level 12.6 Armour
   Level 10.9 Shields
 + Level 8.8 Invocations


You had 12 spell levels left.
You didn't know any spells.
Your spell library contained the following spells:

 Spells                   Type           Power        Failure   Level  Hunger
 Corona                   Hex            #......      63%         1    ##.....
 Sandblast                Erth           #.....       63%         1    ##.....
 Summon Small Mammal      Summ           #...         63%         1    ##.....
 Call Imp                 Summ           #.......     77%         2    ###....
 Ensorcelled Hibernation  Hex/Ice        #.....       77%         2    ###....
 Passwall                 Tmut/Erth      #.......     77%         2    ###....
 Poisonous Vapours        Pois/Air       #.....       77%         2    ###....
 Call Canine Familiar     Summ           #.......     94%         3    ####...
 Confuse                  Hex            #.......     94%         3    ####...
 Conjure Flame            Conj/Fire      #.......     94%         3    ####...
 Dazzling Spray           Conj/Hex       #.....       94%         3    ####...
 Mephitic Cloud           Conj/Pois/Air  #.......     94%         3    ####...
 Stone Arrow              Conj/Erth      #.....       94%         3    ####...
 Summon Guardian Golem    Hex/Summ       #.......     94%         3    ####...
 Tukima's Dance           Hex            #.......     94%         3    ####...
 Petrify                  Tmut/Erth      #.......     100%        4    #####..
 Summon Ice Beast         Ice/Summ       #.......     100%        4    #####..
 Summon Lightning Spire   Summ/Air       #.......     100%        4    #####..
 Lee's Rapid Deconstruct  Erth           #.........   100%        5    ######.
 Freezing Cloud           Conj/Ice/Air   #.........   100%        6    #######
 Ring of Flames           Chrm/Fire      #.........   100%        7    #######


Dungeon Overview and Level Annotations

Branches:
Dungeon (11/15)            Temple (1/1) D:6            Lair (6/6) D:9
 Shoals (0/4) Lair:3        Snake (0/4) Lair:4          Orc (0/2) D:11
  Slime: Lair:5-6

Altars:
Ashenzari
Cheibriados
Dithmenos
Elyvilon
Fedhas
Gozag
Hepliaklqana
Kikubaaqudgha
Makhleb
Nemelex Xobeh
Okawaru
Qazlal
Ru
Sif Muna
Trog
Uskayaw
Vehumet
Wu Jian
Xom
Yredelemnul
Zin
The Shining One

Shops:
D:9 :

Annotations:
D:3 2 transporters, greentea's ghost, novice MiBe


Innate Abilities, Weirdness & Mutations

You are resistant to torment.
Your stone body is resilient. (AC +9)
You are immune to poison.
You resist negative energy. (rN+)
You are resistant to electric shocks. (rElec)
You can survive without breathing.
You are immune to petrification.
You are immune to rotting.


Message History

The eight-headed hydra bites you but does no damage.
The eight-headed hydra bites you.
* * * LOW HITPOINT WARNING * * *
The eight-headed hydra bites you but does no damage. x2
The eight-headed hydra bites you.
* * * LOW HITPOINT WARNING * * *
The komodo dragon bites you but does no damage.
An elephant comes into view.
The elephant trumpets!
You hear a trumpeting! x2; You hear a roar!
You hear a croak.
An elephant comes into view.
The water moccasin bites you but does no damage.
An elephant comes into view.
There is a stone staircase leading up here.
You can't go down here!
The water moccasin misses you.
The komodo dragon bites you but does no damage.
The eight-headed hydra bites you but does no damage. x2
The eight-headed hydra bites you!
You die...

......# ...
...8...## YY
.......##..
###......#.
###..#...8..##
#............#
+............#
...}8..8l@.8.+..
........SD.......
.............)#.8
.##.#....8..#..#
# #......## ..#
.......## ..
...8...## .
........#.
.+.....##.


You could see an eight-headed hydra, 2 elephants, a komodo dragon and a water
moccasin.

Vanquished Creatures
  5 hydras
  Erica (D:8)
  3 two-headed ogres
  4 merfolk sirens (Lair:3)
  5 black mambas
  Psyche (D:8)
  13 elephants
  3 komodo dragons
  6 spiny frogs
  A merfolk (D:10)
  A troll (D:11)
  5 polar bears (Lair:5)
  Grinder (D:5)
  8 blink frogs
  A hippogriff (Lair:2)
  21 yaks
  Eustachio (D:6)
  15 water moccasins
  Duvessa (D:5)
  8 porcupines
  Purgy (D:4)
  7 orc warriors
  An eye of draining (D:10)
  5 ice beasts
  4 phantoms
  A sky beast (D:4)
  4 black bears
  4 ogres
  19 wolves
  6 centaurs
  9 crocodiles
  A big kobold (D:10)
  Blork the orc (D:6)
  16 bullfrogs
  2 gnoll sergeants
  A wyvern skeleton (D:10)
  Dowan (D:5)
  3 killer bees (D:8)
  7 scorpions
  3 howler monkeys
  6 wights
  5 electric eels
  2 crimson imps
  A bullfrog zombie (D:5)
  2 centaur zombies
  2 jellies
  A bullfrog skeleton (D:4)
  4 hounds
  6 orc priests
  4 orc wizards
  Jessica (D:2)
  3 centaur skeletons
  3 iguanas
  3 worker ants
  3 hound skeletons
  A worker ant zombie (D:6)
  8 gnolls
  15 adders
  A shadow imp (D:6)
  An ooze (D:5)
  2 adder skeletons
  3 worms
  4 dart slugs
  4 leopard geckos
  51 orcs
  13 bats
  5 giant cockroaches
  8 goblins
  8 hobgoblins
  16 jackals
  10 kobolds
  5 quokkas
  6 ball pythons
  6 frilled lizards
  A jackal skeleton (D:9)
  2 quokka skeletons (D:4)
  11 rats
  A fungus (D:11)
428 creatures vanquished.

Vanquished Creatures (others)
  5 fungi
  5 plants
10 creatures vanquished.

Grand Total: 438 creatures vanquished

Notes
Turn   | Place    | Note
-------+----------+-------------------------------------------
     0 | D:1      | lysyklops the Gargoyle Fighter began the quest for the Orb.
     0 | D:1      | Reached XP level 1. HP: 14/14 MP: 1/1
   146 | D:1      | Reached XP level 2. HP: 19/19 MP: 2/2
   513 | D:1      | Reached XP level 3. HP: 21/23 MP: 3/3
  1065 | D:2      | Found a faded altar of an unknown god.
  1100 | D:2      | Noticed Jessica
  1155 | D:2      | Killed Jessica
  1155 | D:2      | Reached XP level 4. HP: 5/29 MP: 4/4
  1995 | D:3      | Reached XP level 5. HP: 22/33 MP: 5/5
  2341 | D:3      | Noticed greentea's ghost (novice MiBe)
  2341 | D:3      | Noticed an ogre
  2342 | D:3      | Found a transporter.
  2342 | D:3      | Found a transporter.
  2342 | D:3      | Noticed an ogre
  2391 | D:3      | Found a shattered altar of Ashenzari.
  2544 | D:3      | Noticed an ogre
  2952 | D:4      | Reached XP level 6. HP: 36/39 MP: 6/6
  3036 | D:4      | Noticed Purgy
  3052 | D:4      | Killed Purgy
  3433 | D:4      | Reached skill level 5 in Shields
  3444 | D:4      | Reached skill level 5 in Fighting
  3444 | D:4      | Reached skill level 5 in Armour
  3444 | D:4      | Reached XP level 7. HP: 10/44 MP: 7/7
  3893 | D:5      | Entered Level 5 of the Dungeon
  3899 | D:5      | Noticed Grinder
  3930 | D:5      | Paralysed by Grinder for 7 turns
  3962 | D:5      | Killed Grinder
  4139 | D:5      | Noticed Dowan
  4162 | D:5      | Noticed Duvessa
  4193 | D:4      | Reached XP level 8. HP: 51/51 MP: 8/8
  4235 | D:5      | Killed Duvessa
  4235 | D:5      | Reached skill level 5 in Maces & Flails
  4262 | D:5      | Killed Dowan
  4515 | D:5      | Found an ornate altar of the Wu Jian Council.
  5904 | D:6      | Reached XP level 9. HP: 48/56 MP: 9/9
  6075 | D:6      | Noticed Blork the orc
  6086 | D:6      | Noticed Eustachio
  6098 | D:6      | Killed Blork the orc
  6204 | D:6      | Killed Eustachio
  6287 | D:6      | Found a staircase to the Ecumenical Temple.
  6412 | Temple   | Entered the Ecumenical Temple
  6582 | Temple   | Became a worshipper of Warmaster Okawaru
  7427 | D:7      | Found a shadowy altar of Dithmenos.
  7842 | D:7      | Reached * piety under Okawaru
  8320 | D:8      | Noticed Psyche
  8340 | D:8      | Killed Psyche
  8340 | D:8      | Reached XP level 10. HP: 55/64 MP: 10/10
  8420 | D:8      | Noticed Erica
  8464 | D:8      | Killed Erica
  8464 | D:8      | Reached ** piety under Okawaru
  9266 | D:9      | Found Qeym Daro's Book Emporium.
  9555 | D:9      | Reached skill level 1 in Invocations
  9964 | D:9      | Found a staircase to the Lair.
 10172 | D:10     | Entered Level 10 of the Dungeon
 10294 | D:10     | Got an ichor-stained morningstar
 10295 | D:10     | Identified the +5 morningstar "Goaz" {crush, *Rage Str+3}
                  | (You found it on level 10 of the Dungeon)
 10367 | D:10     | Reached *** piety under Okawaru
 10380 | D:10     | Reached XP level 11. HP: 71/71 MP: 13/13
 10446 | D:10     | Noticed a two-headed ogre
 10452 | D:10     | Killed a two-headed ogre
 10636 | D:10     | Reached **** piety under Okawaru
 10815 | D:10     | Received a gift from Okawaru
 11293 | D:11     | Noticed a two-headed ogre
 11303 | D:11     | Killed a two-headed ogre
 11303 | D:11     | Reached skill level 10 in Armour
 11303 | D:11     | Reached skill level 10 in Shields
 11580 | D:11     | Reached skill level 10 in Fighting
 12194 | D:11     | Found a staircase to the Orcish Mines.
 12250 | D:11     | Noticed a two-headed ogre
 12255 | D:11     | Killed a two-headed ogre
 12836 | Lair:1   | Entered Level 1 of the Lair of Beasts
 13072 | Lair:1   | Reached ***** piety under Okawaru
 13088 | Lair:1   | Reached XP level 12. HP: 71/78 MP: 15/15
 13504 | Lair:1   | Reached skill level 5 in Invocations
 13725 | Lair:1   | Found an ornate altar of the Wu Jian Council.
 13896 | Lair:2   | Received a gift from Okawaru
 13903 | Lair:2   | Got a shimmering great mace {god gift}
 13924 | Lair:2   | Identified the +5 great mace of Pragmatism {flame, Str+7}
                  | (Okawaru gifted it to you on level 2 of the Lair of Beasts)
 13944 | Lair:2   | Noticed a five-headed hydra
 13954 | Lair:2   | Killed a five-headed hydra
 13954 | Lair:2   | Reached skill level 10 in Maces & Flails
 15499 | Lair:3   | Found a staircase to the Shoals.
 15518 | Lair:3   | Received a gift from Okawaru
 16298 | Lair:4   | Noticed a five-headed hydra
 16303 | Lair:4   | Noticed a five-headed hydra
 16308 | Lair:4   | Killed a five-headed hydra
 16315 | Lair:4   | Killed a five-headed hydra
 16315 | Lair:4   | Reached XP level 13. HP: 19/85 MP: 18/18
 16642 | Lair:4   | Found a staircase to the Snake Pit.
 17616 | Lair:5   | Reached ****** piety under Okawaru
 17629 | Lair:5   | Received a gift from Okawaru
 18039 | Lair:5   | Received a gift from Okawaru
 18068 | Lair:5   | Got a jacinth-encrusted chain mail {god gift}
 18079 | Lair:5   | Identified the +1 chain mail of the Bells {+Fly rF- rCorr
                  | Int+6} (Okawaru gifted it to you on level 5 of the Lair of
                  | Beasts)
 18776 | Lair:6   | Entered Level 6 of the Lair of Beasts
 19242 | Lair:6   | Slain by an eight-headed hydra

Skill      XL: |  1  2  3  4  5  6  7  8  9 10 11 12 13 |
---------------+----------------------------------------+-----
Armour         | 4 5 7 8 9 10 11 12 | 12.6
Shields        | 4 5 7 8 9 10 | 10.9
Fighting       | 4 5 6 8 9 10 11 12 | 12.6
Maces & Flails | 3 4 5 7 8 9 10 11 | 11.5
Invocations    | 3 4 7 8 |  8.8

Action                   |  1- 3 |  4- 6 |  7- 9 | 10-12 | 13-15 || total
-------------------------+-------+-------+-------+-------+-------++-------
Melee: Flail             |   195 |   251 |   596 |   224 |       ||  1266
       Unarmed           |       |       |     9 |       |       ||     9
       Morningstar       |       |       |       |   350 |       ||   350
       Great mace        |       |       |       |   172 |   186 ||   358
Invok: Heroism           |       |       |       |     5 |     1 ||     6
  Use: Potion            |       |       |     1 |       |     1 ||     2
       Scroll            |       |       |       |    17 |     1 ||    18
 Stab: Distracted        |       |       |       |     1 |       ||     1
  Eat: Chunk             |       |     9 |    12 |    21 |    10 ||    52
       Ration            |       |       |     1 |     2 |       ||     3
Armor: Scale mail        |   124 |   134 |   318 |    82 |       ||   658
       Skin              |       |       |     6 |       |       ||     6
       Plate armour      |       |       |       |   523 |   215 ||   738
       Chain mail        |       |       |       |       |    93 ||    93
Dodge: Dodged            |    76 |    77 |   201 |   277 |   137 ||   768
       Deflected         |       |       |     9 |    12 |       ||    21
Block: Shield            |   117 |   130 |   364 |   371 |       ||   982
